 Dungeon Crawl Stone Soup version 0.29-a0-344-ge2f44be95a (webtiles) character file.

Game seed: 2050806899613795344

9 Morbidden the Skirmisher (level 2, 24/24 HPs)
             Began as a Demonspawn Fighter on Apr 20, 2022.
             Quit the game on level 1 of the Dungeon.
             The game lasted 00:00:23 (260 turns).

Morbidden the Skirmisher (Demonspawn Fighter)        Turns: 260, Time: 00:00:24

Health: 24/24      AC: 10    Str: 16    XL:     2   Next: 6%
Magic:  2/2        EV:  8    Int:  9    God:
Gold:   0          SH:  4    Dex: 12    Spells: 1/1 levels left

rFire   . . .      SeeInvis .   a - +0 war axe
rCold   . . .      Faith    .   c - +0 buckler
rNeg    . . .      Spirit   .   b - +0 scale mail
rPois   .          Reflect  .   (no helmet)
rElec   .          Harm     .   (no cloak)
rCorr   .          Rampage  .   (no gloves)
Will    .....                   (no boots)
Stlth   ..........              (no amulet)
HPRegen 0.08/turn               f - +4 ring of protection
MPRegen 0.08/turn               (no ring)

@: no status effects
A: demonic guardian 1
a: no special abilities


You were on level 1 of the Dungeon.
You visited 1 branch of the dungeon, and saw 1 of its levels.

Inventory:

Hand Weapons
 a - a +0 war axe (weapon)
Missiles
 h - 6 boomerangs (quivered)
 i - 3 poisoned darts
Armour
 b - a +0 scale mail (worn)
 c - a +0 buckler (worn)
Jewellery
 f - a +4 ring of protection (left hand)
Scrolls
 g - a scroll of noise {unknown}
 j - a scroll of fog {unknown}
Potions
 d - a potion of might
 e - 2 potions of curing {unknown}


   Skills:
 + Level 3.2 Fighting
 + Level 1.8 Axes
 + Level 2.9 Armour
 + Level 2.8 Shields


You had one spell level left.
You didn't know any spells.
Your spell library contained the following spells:

 Spells                   Type           Power      Damage    Failure   Level
 Ozocubu's Armour         Ice            0%         N/A       99%         3
 Ozocubu's Refrigeration  Ice            0%         4d5       100%        7


Dungeon Overview and Level Annotations

Branches:
Dungeon (1/15)

Altars:


Innate Abilities, Weirdness & Mutations

A weak demonic guardian rushes to your aid.


Message History

Found 10 gold pieces and a runed dagger.
The hobgoblin shouts!
The ball python hisses angrily.
You hear a shout!
A hobgoblin comes into view.
The ball python moves out of view.
There are monsters nearby!
The hobgoblin hits you but does no damage.
You slash the hobgoblin!
You kill the hobgoblin!
You slash the ball python!
You kill the ball python!
You have reached level 2!
Your demonic ancestry asserts itself...
You feel the presence of a demonic guardian.
The hobgoblin hits you but does no damage.
You see here a hobgoblin corpse.
You hit the hobgoblin.
The hobgoblin is moderately wounded.
The hobgoblin hits you but does no damage.
The hobgoblin hits you.
You slash the hobgoblin!
You kill the hobgoblin!
No target in view!
No target in view!
No target in view!
No target in view!
No target in view!
No target in view!
No target in view!
No target in view!
No target in view!
No target in view!
No target in view!
No target in view!
No target in view!
No target in view!
No target in view!
No target in view!
HP restored.
Found a dagger.
Are you sure you want to abandon this character and quit the game? (Confirm with "yes".)

####.........
#.........
##.##+#### #..#.#
#[.#.##### ####
#........####...#.
#.#..###.##.......
#.........†.#
#.#..###.#.@#
#.##>##....#.$.#
#######.....#...#
#.....#####
##.#.... #.#....)
#.#.#... ).


There were no monsters in sight!

Vanquished Creatures
  An endoplasm (D:1)
  A goblin (D:1)
  3 hobgoblins (D:1)
  2 ball pythons (D:1)
  A bat (D:1)
  A rat (D:1)
9 creatures vanquished.

Notes
Turn   | Place    | Note
-------+----------+-------------------------------------------
     0 | D:1      | Morbidden the Demonspawn Fighter began the quest for the
                  | Orb.
     0 | D:1      | Reached XP level 1. HP: 18/18 MP: 1/1
   247 | D:1      | Gained mutation: A weak demonic guardian rushes to your
                  | aid. [demonic ancestry]
   247 | D:1      | Reached XP level 2. HP: 24/24 MP: 2/2
   260 | D:1      | Quit the game

Illustrated notes

Levels and vault maps discovered:
D:1:      minmay_arrival_plants_in_alcoves, layout_basic, minmay_distorted

Action                   || total
-------------------------++-------
Melee: War axe           ||    11
Armor: Scale mail        ||     5
Dodge: Dodged            ||     2
Block: Buckler           ||     3

Table legend: (Time is in decaauts)
 A = Elapsed time spent in this place.
 B = Non-inter-level travel time spent in this place.
 C = Inter-level travel time spent in this place.
 D = Time resting spent in this place.
 E = Time spent auto-exploring this place.
 F = Levels seen in this place.
 G = Mean time per level.
                   A        B        C        D        E       F      G
               +--------+--------+--------+--------+--------+-----+--------+
         Total |    264 |    240 |     24 |      0 |    183 |   1 |  264.0 |
       Dungeon |    264 |    240 |     24 |      0 |    183 |   1 |  264.0 |
               +--------+--------+--------+--------+--------+-----+--------+

Top non-repeatable levels by time:
     D:1: 264 daAuts
